MLB
CINCINNATI REDS @ MILWAUKEE BREWERS
08/29/2045
 
TOP OF THE 1ST
Cincinnati Reds batting - Pitching for Milwaukee Brewers : RHP Chitoji Takemoto
Pitching: RHP Chitoji Takemoto
Batting: LHB Sean Geisler 0-0: Bunt for hit to 3S - play at first, batter safe!
Batting: LHB Jesus Lozano 0-0: Called Strike
0-1: Ball
1-1: Ball
2-1: Grounds into double play, 4-6-3 (Groundball, 4, EV 92.5 MPH)
Batting: SHB Saulo Maina 0-0: Fly out, F2 (Popup, 2RF, EV 85.0 MPH)
Top of the 1st over - 0 runs, 1 hit, 0 errors, 0 left on base; Cincinnati 0 - Milwaukee 0
BOTTOM OF THE 1ST
Milwaukee Brewers batting - Pitching for Cincinnati Reds : RHP Matt Flink
Pitching: RHP Matt Flink
Batting: SHB Jamel Wright 0-0: Called Strike
0-1: DOUBLE (Line Drive, 89XD, EV 107.5 MPH)
Batting: RHB Emilio Gallegos 0-0: Swinging Strike
0-1: SINGLE (Groundball, 25, EV 68.8 MPH) (infield hit)
Jamel Wright to third
Batting: SHB Lewis Thorpe Jr. 0-0: Called Strike
0-1: SINGLE (Line Drive, 78M, EV 106.9 MPH)
Jamel Wright scores
Emilio Gallegos to second
Batting: SHB Jason Woods 0-0: Foul Ball, location: 2F
0-1: Ball
1-1: Ball
2-1: Foul Ball, location: 2F
2-2: Ball
3-2: Foul Ball, location: 2F
3-2: Base on Balls
Emilio Gallegos to third
Lewis Thorpe Jr. to second
Batting: RHB Bobby Muniz 0-0: Called Strike
0-1: SINGLE (Groundball, 5D, EV 106.9 MPH)
Emilio Gallegos scores
Lewis Thorpe Jr. to third
Jason Woods to second
Batting: SHB Jean-François Bernard 0-0: Ball
1-0: Grounds into double play, 4-6-3 (Groundball, 4S, EV 87.5 MPH)
Lewis Thorpe Jr. scores
Jason Woods to third
Batting: RHB Daniel Donovan 0-0: Called Strike
0-1: Foul Ball, location: 2F
0-2: SINGLE (Flyball, 6D, EV 94.4 MPH)
Jason Woods scores
Batting: RHB Kisho Ito 0-0: Called Strike
0-1: Swinging Strike
0-2: Ball
1-2: Ball
2-2: Strikes out looking
Bottom of the 1st over - 4 runs, 5 hits, 0 errors, 1 left on base; Cincinnati 0 - Milwaukee 4
TOP OF THE 2ND
Cincinnati Reds batting - Pitching for Milwaukee Brewers : RHP Chitoji Takemoto
Batting: LHB Jon Ledesma 0-0: Called Strike
0-1: Foul Ball, location: 2F
0-2: Strikes out swinging
Batting: RHB Bruno André 0-0: Called Strike
0-1: Fly out, F9 (Flyball, 89S, EV 93.8 MPH)
Batting: RHB Fred Slade 0-0: Ball
1-0: Called Strike
1-1: Ground out 5-3 (Groundball, 56S, EV 92.5 MPH)
Top of the 2nd over - 0 runs, 0 hits, 0 errors, 0 left on base; Cincinnati 0 - Milwaukee 4
BOTTOM OF THE 2ND
Milwaukee Brewers batting - Pitching for Cincinnati Reds : RHP Matt Flink
Batting: RHB Ben Campbell 0-0: Foul Ball, location: 2F
0-1: Ball
1-1: Called Strike
1-2: Fly out, F4 (Popup, 34D, EV 48.1 MPH)
Batting: SHB Jamel Wright 0-0: Ball
1-0: Foul Ball, location: 2F
1-1: Foul Ball, location: 2F
1-2: Ball
2-2: Ball
3-2: Fly out, F9 (Flyball, 9, EV 89.4 MPH)
Batting: RHB Emilio Gallegos 0-0: Called Strike
0-1: Swinging Strike
0-2: Ground out 4-3 (Groundball, 34, EV 103.8 MPH)
Bottom of the 2nd over - 0 runs, 0 hits, 0 errors, 0 left on base; Cincinnati 0 - Milwaukee 4
TOP OF THE 3RD
Cincinnati Reds batting - Pitching for Milwaukee Brewers : RHP Chitoji Takemoto
Batting: LHB Satoru Handa 0-0: Called Strike
0-1: Ball
1-1: SINGLE (Groundball, 4D, EV 107.5 MPH)
Batting: RHB Omar Quintana 0-0: Ball
1-0: Called Strike
1-1: Foul Ball, location: 2F
1-2: Strikes out swinging
Batting: LHB Andy Arbuckle 0-0: Ball
1-0: Called Strike
1-1: Fielders Choice at 2nd, 3-6 (Groundball, 3, EV 75.6 MPH)
Batting: LHB Sean Geisler 0-0: Called Strike
0-1: Ball
1-1: SINGLE (Line Drive, 6MD, EV 96.2 MPH)
Andy Arbuckle to second
Batting: LHB Jesus Lozano 0-0: Called Strike
0-1: Ball
1-1: Ball
2-1: Ground out U3 (Groundball, 3, EV 82.5 MPH)
Top of the 3rd over - 0 runs, 2 hits, 0 errors, 2 left on base; Cincinnati 0 - Milwaukee 4
BOTTOM OF THE 3RD
Milwaukee Brewers batting - Pitching for Cincinnati Reds : RHP Matt Flink
Batting: SHB Lewis Thorpe Jr. 0-0: Ball
1-0: Ball
2-0: Foul Ball, location: 2F
2-1: Ball
3-1: Foul Ball, location: 2F
3-2: Base on Balls
Batting: SHB Jason Woods 0-0: Called Strike
0-1: SINGLE (Flyball, 56D, EV 96.9 MPH)
Lewis Thorpe Jr. to second
Batting: RHB Bobby Muniz 0-0: Fly out, F6 (Flyball, 6D, EV 83.8 MPH)
Batting: SHB Jean-François Bernard 0-0: Called Strike
0-1: SINGLE (Line Drive, 8LS, EV 98.1 MPH)
Lewis Thorpe Jr. to third
Jason Woods to second
Runner from 3rd tries for Home, throw by CF and OUT! 8-2
Jason Woods to third
Jean-François Bernard to second
Batting: RHB Daniel Donovan 0-0: Ball
1-0: Ball
2-0: Ball
3-0: Called Strike
3-1: Base on Balls
Batting: RHB Kisho Ito 0-0: Ball
1-0: Called Strike
1-1: Swinging Strike
1-2: Ball
2-2: Strikes out swinging
Bottom of the 3rd over - 0 runs, 2 hits, 0 errors, 3 left on base; Cincinnati 0 - Milwaukee 4
TOP OF THE 4TH
Cincinnati Reds batting - Pitching for Milwaukee Brewers : RHP Chitoji Takemoto
Batting: SHB Saulo Maina 0-0: Ball
1-0: Ball
2-0: Ground out 4-3 (Groundball, 4, EV 81.2 MPH)
Batting: LHB Jon Ledesma 0-0: Fly out, F8 (Flyball, 8RD, EV 97.5 MPH)
Batting: RHB Bruno André 0-0: Foul Ball, location: 2F
0-1: Called Strike
0-2: Foul Ball, location: 2F
0-2: Ball
1-2: Ball
2-2: Strikes out looking
Top of the 4th over - 0 runs, 0 hits, 0 errors, 0 left on base; Cincinnati 0 - Milwaukee 4
BOTTOM OF THE 4TH
Milwaukee Brewers batting - Pitching for Cincinnati Reds : RHP Matt Flink
Batting: RHB Ben Campbell 0-0: Fly out, F8 (Flyball, 8RD, EV 109.4 MPH)
Batting: SHB Jamel Wright 0-0: Ball
1-0: SINGLE (Groundball, 6MD, EV 104.4 MPH)
Batting: RHB Emilio Gallegos 0-0: Called Strike
0-1: Ball
1-1: Foul Ball, location: 2F
1-2: Foul Ball, location: 2F
1-2: Ball
2-2: Ball
Jamel Wright steals 2nd base (no throw)
3-2: Foul Ball, location: 2F
3-2: Foul Ball, location: 2F
3-2: Base on Balls
Batting: SHB Lewis Thorpe Jr. 0-0: Foul Ball, location: 2F
0-1: Called Strike
0-2: Foul Ball, location: 2F
0-2: Foul Ball, location: 2F
0-2: Ball
1-2: Ball
2-2: SINGLE (Line Drive, 89S, EV 103.1 MPH)
Jamel Wright to third
Emilio Gallegos to second
Runner from 3rd tries for Home, SAFE, throw by CF to home
Pitching: RHP Ragnar Alqvist
Batting: SHB Jason Woods 0-0: Foul Ball, location: 2F
0-1: Swinging Strike
0-2: Foul Ball, location: 2F
0-2: Ball
1-2: Ball
2-2: Ball
3-2: Strikes out looking
Batting: RHB Bobby Muniz 0-0: Foul Ball, location: 2F
0-1: Fielders Choice at 2nd, 6-4 (Groundball, 6, EV 84.4 MPH)
Bottom of the 4th over - 1 run, 2 hits, 0 errors, 2 left on base; Cincinnati 0 - Milwaukee 5
TOP OF THE 5TH
Cincinnati Reds batting - Pitching for Milwaukee Brewers : RHP Chitoji Takemoto
Batting: RHB Fred Slade 0-0: Ball
1-0: Foul Ball, location: 2F
1-1: SINGLE (Flyball, 4D, EV 91.9 MPH) - OUT at second base trying to stretch hit.
Batting: LHB Satoru Handa 0-0: Called Strike
0-1: Fly out, F8 (Line Drive, 8RD, EV 92.5 MPH)
Batting: RHB Omar Quintana 0-0: Swinging Strike
0-1: Fly out, F9 (Line Drive, 9, EV 85.0 MPH)
Top of the 5th over - 0 runs, 1 hit, 0 errors, 0 left on base; Cincinnati 0 - Milwaukee 5
BOTTOM OF THE 5TH
Milwaukee Brewers batting - Pitching for Cincinnati Reds : RHP Ragnar Alqvist
Batting: SHB Jean-François Bernard 0-0: Ball
1-0: Called Strike
1-1: Ball
2-1: Ground out 4-3 (Groundball, 4D, EV 102.5 MPH)
Batting: RHB Daniel Donovan 0-0: DOUBLE (Line Drive, 7LD, EV 111.9 MPH)
Batting: RHB Kisho Ito 0-0: Ball
1-0: SINGLE (Groundball, 56D, EV 101.9 MPH) (infield hit)
Daniel Donovan to third
Batting: RHB Ben Campbell 0-0: Called Strike
0-1: Ball
1-1: SINGLE (Flyball, 6D, EV 87.5 MPH)
Daniel Donovan scores
Kisho Ito to second
Batting: SHB Jamel Wright 0-0: Swinging Strike
0-1: Swinging Strike
0-2: Ball
1-2: Hit by Pitch
Kisho Ito to third
Ben Campbell to second
Batting: RHB Emilio Gallegos 0-0: Ball
1-0: Foul Ball, location: 2F
1-1: Ball
2-1: Called Strike
2-2: Foul Ball, location: 2F
2-2: Strikes out looking
Batting: SHB Lewis Thorpe Jr. 0-0: Foul Ball, location: 2F
0-1: SINGLE (Groundball, 4MS, EV 62.5 MPH) (infield hit)
Kisho Ito scores
Ben Campbell to third
Jamel Wright to second
Batting: SHB Jason Woods 0-0: Called Strike
0-1: Called Strike
0-2: Ball
1-2: Foul Ball, location: 2F
1-2: Ball
2-2: Foul Ball, location: 2F
2-2: Ball
3-2: Foul Ball, location: 2F
3-2: Fly out, F4 (Line Drive, 4, EV 70.0 MPH)
Bottom of the 5th over - 2 runs, 4 hits, 0 errors, 3 left on base; Cincinnati 0 - Milwaukee 7
TOP OF THE 6TH
Cincinnati Reds batting - Pitching for Milwaukee Brewers : RHP Chitoji Takemoto
Batting: LHB Andy Arbuckle 0-0: Ball
1-0: Ball
2-0: Called Strike
2-1: Foul Ball, location: 2F
2-2: Fly out, F8 (Flyball, 8RS, EV 88.8 MPH)
Batting: LHB Sean Geisler 0-0: Ball
1-0: Ground out U3 (Groundball, 3, EV 100.6 MPH)
Batting: LHB Jesus Lozano 0-0: Ball
1-0: Foul Ball, location: 2F
1-1: Fly out, F7 (Line Drive, 7D, EV 88.8 MPH)
Top of the 6th over - 0 runs, 0 hits, 0 errors, 0 left on base; Cincinnati 0 - Milwaukee 7
BOTTOM OF THE 6TH
Milwaukee Brewers batting - Pitching for Cincinnati Reds : RHP Ragnar Alqvist
Batting: RHB Bobby Muniz 0-0: DOUBLE (Line Drive, 9LS, EV 109.4 MPH)
Batting: SHB Jean-François Bernard 0-0: Called Strike
0-1: Foul Ball, location: 2F
0-2: Ball
1-2: TRIPLE (Groundball, 5L, EV 100.6 MPH)
Bobby Muniz scores
Batting: RHB Daniel Donovan 0-0: Called Strike
0-1: Ball
1-1: Ball
2-1: Ball
3-1: Foul Ball, location: 2F
3-2: Foul Ball, location: 2F
3-2: Foul Ball, location: 2F
3-2: Ground out 4-3 (Groundball, 34, EV 103.8 MPH)
Jean-François Bernard scores
Batting: RHB Kisho Ito 0-0: Ball
1-0: SINGLE (Line Drive, 8RS, EV 110.0 MPH)
Batting: RHB Ben Campbell 0-0: Ball
Kisho Ito steals 2nd base
1-0: Foul Ball, location: 2F
1-1: Foul Ball, location: 2F
1-2: Strikes out looking
Batting: SHB Jamel Wright 0-0: Called Strike
0-1: Called Strike
0-2: Ball
1-2: 2-RUN HOME RUN (Flyball, 78XD, EV 104.4 MPH), Distance : 405 ft
Pitching: RHP Westin Silveira
Batting: RHB Emilio Gallegos 0-0: SOLO HOME RUN (Flyball, 7D, EV 95.6 MPH), Distance : 384 ft
Batting: SHB Lewis Thorpe Jr. 0-0: Called Strike
0-1: Ball
1-1: Ball
2-1: Swinging Strike
2-2: Foul Ball, location: 2F
2-2: Ball
3-2: Base on Balls
Batting: SHB Jason Woods 0-0: Ball
1-0: Foul Ball, location: 2F
1-1: Ball
2-1: Ball
3-1: Swinging Strike
3-2: Base on Balls
Lewis Thorpe Jr. to second
Batting: RHB Bobby Muniz 0-0: Ball
1-0: Foul Ball, location: 2F
1-1: Called Strike
1-2: Fly out, F3 (Popup, 34, EV 62.5 MPH)
Bottom of the 6th over - 5 runs, 5 hits, 0 errors, 2 left on base; Cincinnati 0 - Milwaukee 12
TOP OF THE 7TH
Cincinnati Reds batting - Pitching for Milwaukee Brewers : RHP Chitoji Takemoto
Batting: SHB Saulo Maina 0-0: Ball
1-0: Called Strike
1-1: SINGLE (Groundball, 34D, EV 101.2 MPH)
Batting: LHB Jon Ledesma 0-0: Ball
1-0: Called Strike
1-1: Ball
2-1: Fly out, F5 (Popup, 5SF, EV 83.8 MPH)
Batting: RHB Bruno André 0-0: Called Strike
0-1: Swinging Strike
0-2: Grounds into double play, 6-4-3 (Groundball, 6, EV 86.2 MPH)
Top of the 7th over - 0 runs, 1 hit, 0 errors, 0 left on base; Cincinnati 0 - Milwaukee 12
BOTTOM OF THE 7TH
Milwaukee Brewers batting - Pitching for Cincinnati Reds : RHP Westin Silveira
Batting: SHB Jean-François Bernard 0-0: Called Strike
0-1: DOUBLE (Line Drive, 9LM, EV 97.5 MPH)
Batting: RHB Daniel Donovan 0-0: Ball
1-0: Foul Ball, location: 2F
1-1: Ball
2-1: Ball
3-1: Foul Ball, location: 2F
3-2: Ground out 5-3 (Groundball, 56, EV 105.6 MPH)
Batting: RHB Kisho Ito 0-0: Called Strike
0-1: Ball
1-1: Ground out 6-3 (Groundball, 6S, EV 91.2 MPH)
Jean-François Bernard to third
Batting: RHB Ben Campbell 0-0: Fly out, F9 (Flyball, 9D, EV 106.2 MPH)
Bottom of the 7th over - 0 runs, 1 hit, 0 errors, 1 left on base; Cincinnati 0 - Milwaukee 12
TOP OF THE 8TH
Cincinnati Reds batting - Pitching for Milwaukee Brewers : RHP Chitoji Takemoto
Batting: RHB Fred Slade 0-0: Called Strike
0-1: Ball
1-1: SOLO HOME RUN (Flyball, 78XD, EV 106.2 MPH), Distance : 420 ft
Batting: LHB Satoru Handa 0-0: Ball
1-0: Ball
2-0: Ball
3-0: Called Strike
3-1: Base on Balls
Batting: RHB Omar Quintana 0-0: Ball
1-0: Ball
2-0: SINGLE (Flyball, 8RS, EV 88.1 MPH)
Satoru Handa to second
Batting: LHB Andy Arbuckle 0-0: Foul Ball, location: 2F
0-1: Foul Ball, location: 2F
0-2: SINGLE (Groundball, 4M, EV 83.1 MPH) (infield hit)
Satoru Handa to third
Omar Quintana to second
Pinch Hitting: LHB Jake Bill 0-0: Grounds into double play, 4-6-3 (Groundball, 4, EV 87.5 MPH)
Satoru Handa scores
Omar Quintana to third
Batting: LHB Jesus Lozano 0-0: Foul Ball, location: 2F
0-1: DOUBLE (Line Drive, 89XD, EV 111.2 MPH)
Omar Quintana scores
Batting: SHB Saulo Maina 0-0: SINGLE (Groundball, 34D, EV 103.1 MPH)
Jesus Lozano to third
Batting: LHB Jon Ledesma 0-0: Ball
1-0: Ball
2-0: Ball
3-0: Base on Balls
Saulo Maina to second
Batting: RHB Bruno André 0-0: Fly out, F9 (Flyball, 89M, EV 98.8 MPH)
Top of the 8th over - 3 runs, 5 hits, 0 errors, 3 left on base; Cincinnati 3 - Milwaukee 12
BOTTOM OF THE 8TH
Milwaukee Brewers batting - Pitching for Cincinnati Reds : RHP Westin Silveira
Now at 1B: Jake Bill
Batting: SHB Jamel Wright 0-0: Ball
1-0: Called Strike
1-1: Ball
2-1: SINGLE (Groundball, 34D, EV 98.1 MPH)
Batting: RHB Emilio Gallegos 0-0: Called Strike
0-1: Fly out, F8 (Line Drive, 8RM, EV 95.6 MPH)
Batting: SHB Lewis Thorpe Jr. 0-0: Ball
Jamel Wright steals 2nd base
1-0: Ball
2-0: Ball
3-0: Called Strike
3-1: Base on Balls
Pinch Hitting: SHB Pat Wilson 0-0: Ball
1-0: Ball
2-0: Ball
3-0: Base on Balls
Jamel Wright to third
Lewis Thorpe Jr. to second
Batting: RHB Bobby Muniz 0-0: Fly out, F6 (Popup, 4MD, EV 62.5 MPH)
Batting: SHB Jean-François Bernard 0-0: Ball
1-0: Fly out, F7 (Line Drive, 7, EV 88.1 MPH)
Bottom of the 8th over - 0 runs, 1 hit, 0 errors, 3 left on base; Cincinnati 3 - Milwaukee 12
TOP OF THE 9TH
Cincinnati Reds batting - Pitching for Milwaukee Brewers : RHP Chitoji Takemoto
Now in CF: Pat Wilson
Batting: RHB Fred Slade 0-0: Foul Ball, location: 2F
0-1: Fly out, F5 (Flyball, 5D, EV 82.5 MPH)
Batting: LHB Satoru Handa 0-0: Ball
1-0: Swinging Strike
1-1: Fly out, F7 (Flyball, 7, EV 89.4 MPH)
Batting: RHB Omar Quintana 0-0: Ground out 6-3 (Groundball, 6M, EV 80.0 MPH)
Top of the 9th over - 0 runs, 0 hits, 0 errors, 0 left on base; Cincinnati 3 - Milwaukee 12
Wednesday, June 22nd , 2022 - OOTP Baseball 23.4 Build 64